 Dungeon Crawl Stone Soup version 0.21-a0-421-gfc1ce30 (webtiles) character file.

82 drevant the Skirmisher (level 4, -2/36 HPs)
             Began as a Demonspawn Abyssal Knight on Nov 4, 2017.
             Was a Follower of Lugonu.
             Killed by divine providence
             ... invoked by an orc priest
              (10 damage)
             ... on level 3 of the Dungeon.
             The game lasted 00:03:56 (2848 turns).

drevant the Skirmisher (Demonspawn Abyssal Knight)  Turns: 2848, Time: 00:03:57

Health: -2/36      AC: 10    Str: 13    XL:     4   Next: 21%
Magic:  5/5        EV:  7    Int: 13    God:    Lugonu [*.....]
Gold:   115        SH:  9    Dex: 13    Spells: 3/3 levels left

rFire    . . .     SeeInvis .   a - +1 spear
rCold    . . .     Gourm    .   g - +2 shield
rNeg     . . .     Faith    .   p - +0 ring mail
rPois    .         Spirit   .   (no helmet)
rElec    .         Reflect  .   (no cloak)
rCorr    .         Harm     .   u - +2 pair of gloves
MR       .....                  o - +0 pair of boots
Stlth    +.........             (no amulet)
HPRegen  0.12/turn              (no ring)
MPRegen  0.09/turn              (no ring)

@: no status effects
A: claws 1, rugged brown scales 1
a: Depart the Abyss, Renounce Religion


You were on level 3 of the Dungeon.
You worshipped Lugonu.
Lugonu was aware of your devotion.
You were not hungry.

You visited 1 branch of the dungeon, and saw 3 of its levels.
You visited the Abyss 1 time.

You collected 115 gold pieces.

Inventory:

Hand Weapons
 a - a +1 spear (weapon)
Missiles
 m - 83 stones (quivered)
Armour
 b - a +0 leather armour
 g - a +2 shield (worn)
 o - a +0 pair of boots (worn)
 p - a +0 ring mail (worn)
 u - a +2 pair of gloves (worn)
Jewellery
 j - an uncursed ring of protection from magic {unknown}
 w - an uncursed amulet of rage {unknown}
Wands
 n - a wand of paralysis (1/24)
 r - a wand of disintegration (14/24)
Scrolls
 d - a scroll of immolation {unknown}
 f - 2 scrolls of teleportation {unknown}
 l - 4 scrolls of remove curse {unknown}
 q - a scroll of identify {unknown}
Potions
 e - 2 potions of heal wounds {unknown}
 h - a potion of haste {unknown}
 i - 2 potions of flight {unknown}
 k - 3 potions of lignification {unknown}
 s - a potion of agility {unknown}
 v - 2 potions of ambrosia {unknown}
Comestibles
 c - a bread ration


   Skills:
 + Level 3.5 Fighting
 * Level 3.2 Polearms
 - Level 2.1 Armour
 - Level 0.8 Dodging
 + Level 1.0 Shields
 - Level 2.4 Invocations


You had 3 spell levels left.
You didn't know any spells.

Dungeon Overview and Level Annotations

Branches:
Dungeon (3/15)

Altars:


Innate Abilities, Weirdness & Mutations

You have sharp fingernails.
You are partially covered in rugged brown scales. (AC +1, +3% HP)


Message History

The orc priest hits you but does no damage.
You closely miss the orc priest.
The orc priest is heavily wounded.
You hit the orc priest.
The orc priest is severely wounded.
The orc priest begins to cast a cantrip, but forgets the words!
The orc priest calls down the wrath of Beogh upon you.
Pain shoots through your body!
* * * LOW HITPOINT WARNING * * *
You completely miss the orc priest.
The orc priest is severely wounded.
The orc priest hits you but does no damage.
You hit the orc priest but do no damage.
The orc priest is severely wounded.
The orc priest completely misses you.
You closely miss the orc priest.
The orc priest is severely wounded.
The orc priest calls down the wrath of Beogh upon you.
Beogh smites you!
You die...

## ### .# #.# ###.###
#.. #.....# #.#
#.....#### #.#
##$........
######.####.<.†..##.
#....[...o@.)........
#.####.####....#.##..
#.# ###.## # #.# #.#
#o# #$# #.. ..# #..
.## !.o


You could see an orc priest.

Vanquished Creatures
  An adder (D:2)
  6 oozes (D:1)
  3 worms
  2 dart slugs (D:2)
  A leopard gecko (D:1)
  4 giant cockroaches
  A goblin (D:1)
  3 hobgoblins
  2 jackals (D:1)
  A quokka (D:2)
  A bat (D:1)
  3 frilled lizards
  3 kobolds
  7 rats
38 creatures vanquished.

Notes
Turn   | Place    | Note
-------+----------+-------------------------------------------
     0 | Abyss:1  | drevant the Demonspawn Abyssal Knight began the quest for the Orb.
     0 | Abyss:1  | Reached XP level 1. HP: 18/18 MP: 2/2
    47 | Abyss:1  | Noticed an Executioner
    52 | D:1      | Escaped the Abyss
   535 | D:1      | Found a runed door.
  1326 | D:1      | Gained mutation: You have sharp fingernails. [demonic ancestry]
  1326 | D:1      | Reached XP level 2. HP: 24/24 MP: 3/3
  2178 | D:2      | Reached XP level 3. HP: 21/29 MP: 4/4
  2530 | D:1      | Reached * piety under Lugonu
  2579 | D:1      | Gained mutation: You are partially covered in rugged brown scales. (AC +1, +3% HP) [demonic ancestry]
  2579 | D:1      | Reached XP level 4. HP: 29/36 MP: 5/5
  2614 | D:1      | Reached skill level 1 in Shields
  2848 | D:3      | Killed from afar by an orc priest

Vault maps used:
D:1:      dpeg_arrival_caged_fury
D:3:      marbit_many_paths, nicolae_overflow_crystal_walls,
          kennysheep_big_empty_room

Skill      XL: |  1  2  3  4 |
---------------+-------------+-----
Polearms       | 2 3 |  3.2
Armour         | 2 |  2.1
Shields        | 1 |  1.0
Fighting       | |  3.5
Dodging        | |  0.8
Invocations    | |  2.4

Action                   |  1- 3 |  4- 6 || total
-------------------------+-------+-------++-------
Melee: Spear             |   159 |    43 ||   202
Invok: Depart the Abyss  |     1 |       ||     1
Evoke: Wand              |     2 |       ||     2
 Stab: Sleeping          |     1 |       ||     1
       Paralysed         |     6 |       ||     6
  Eat: Chunk             |     5 |     1 ||     6
Armor: Leather armour    |    16 |       ||    16
       Ring mail         |    26 |    11 ||    37
Dodge: Dodged            |    42 |     9 ||    51
Block: Shield            |    27 |     5 ||    32

Table legend:
 A = Spawn XP
 B = Non-spawn XP
 C = Spawn XP percentage of total XP
 D = Spawn monster count
 E = Non-spawn monster count
 F = Spawn count percentage of total count
 G = Total turns spent on level
                    A         B        C        D         E        F      G
               +---------+---------+-------+---------+---------+-------+---------
         Total |       0 |     118 |   0.0 |       0 |      38 |   0.0 |  2848
               +---------+---------+-------+---------+---------+-------+---------
           D:1 |       0 |      77 |   0.0 |       0 |      25 |   0.0 |  1818
           D:2 |       0 |      37 |   0.0 |       0 |      11 |   0.0 |   941
           D:3 |       0 |       4 |   0.0 |       0 |       2 |   0.0 |    37
               +---------+---------+-------+---------+---------+-------+---------
